Map: [ESL] Ancient Cistern

Players

GuMiho - Winner!

  • Race: Terran Terran
  • Spawn Location: 1:00

Cure

  • Race: Terran Terran
  • Spawn Location: 7:00

Event: ESL SC2 Masters 2023 Summer (Finals)

VOD

Have the link to the VOD?

Description

Time

  • Played on: June 18, 2023, 7:05 a.m.
  • Length: 6:04

All games in this series

Show
View Real Time Build Order
Export as new Build Order

GuMiho Terran - Winner!

Build Orders:  

Get SALT Encoding   

  12  0:00  SCV  
  13  0:12  SCV  
  14  0:18  Supply Depot  
  14  0:24  SCV  
  15  0:40  Barracks  
  15  0:43  Refinery  
  15  0:56  Barracks  
  15  1:00  SCV  
  16  1:12  SCV  
  16  1:14  Refinery  
  17  1:24  SCV  
  18  1:27  Reaper  
  19  1:36  Orbital Command  
  19  1:43  Reaper  
  20  1:53  Supply Depot  
  20  1:59  Reaper  
  22  2:15  Reaper  
  22  2:21  SCV  
  23  2:32  Reaper  
  23  2:33  SCV  
  25  2:45  SCV  
  25  2:47  Reaper  
  24  3:04  Reaper  
  18  3:19  Reaper  
  19  3:42  Bunker  
  19  3:50  Supply Depot  
  19  3:51  Supply Depot  
  19  4:14  Factory  
  18  4:37  Orbital Command  
  18  5:07  SCV  
  19  5:15  Refinery  
  19  5:16  Refinery  
  19  5:20  SCV  
  20  5:29  Marine  
  20  5:30  Marine  
  20  5:32  SCV  
  23  5:45  SCV  
Show
View Real Time Build Order
Export as new Build Order

Cure Terran 

Build Orders:  

Get SALT Encoding   

  12  0:00  SCV  
  13  0:12  SCV  
  14  0:17  Supply Depot  
  14  0:24  SCV  
  15  0:38  SCV  
  15  0:41  Barracks  
  16  0:53  Barracks  
  16  0:56  SCV  
  17  1:01  Refinery  
  17  1:08  SCV  
  18  1:12  Refinery  
  18  1:20  SCV  
  19  1:32  SCV  
  20  1:44  Orbital Command  
  20  1:51  Barracks Tech Lab  
  20  2:00  Barracks Tech Lab, Supply Depot  
  20  2:10  Marauder, Concussive Shells  
  22  2:24  Marauder  
  21  2:31  Marauder  
  19  2:45  Marauder  
  17  2:53  Marauder  
  10  3:51  Orbital Command  
  10  4:29  Marine  
  11  4:34  Marine  
  12  4:47  Marine  
  12  4:52  Marine  
  14  4:57  SCV  
  15  5:15  Supply Depot  
  15  5:23  Marine  
  15  5:36  Marine  
Tags
 
Add a new tag
Caveats
  • Supply blocks, unpowered buildings, or Contaminate may cause inaccurate times.
  • Supply counts are checked every 10 seconds.